Map: 亚历山大港 - 天梯版

Players

puCK (Nina) - Winner!

  • Race: Protoss Protoss

MeomaikA

  • Race: Zerg Zerg
  • League: Bronze

Event: WESG 2018 Grand Finals

VOD

Have the link to the VOD?

Description

Time

  • Played on: March 11, 2019, 7:43 a.m.
  • Length: 20:50

All games in this series

Show
View Real Time Build Order
Export as new Build Order

puCK Protoss - Winner!

Build Orders: 1 Gate Expand, Oracle Opening, Phoenix Opening, Chargelot Immortal 

Get SALT Encoding   

  12  0:00  Probe  
  13  0:13  Probe  
  14  0:19  Pylon  
  14  0:25  Probe  
  15  0:30  Assimilator  
  15  0:37  Probe  
  16  0:45  Probe  
  16  0:46  Gateway  
  17  0:53  Probe  
  18  1:04  Probe  
  19  1:16  Probe  
  20  1:27  Nexus  
  20  1:36  Cybernetics Core  
  20  1:40  Probe  
  20  1:46  Assimilator  
  21  1:53  Probe  
  22  1:55  Pylon  
  22  2:04  Adept  
  22  2:05  Probe  
  25  2:17  Stargate  
  25  2:18  Probe  
  26  2:23  Warp Gate  
  26  2:27  Adept  
  26  2:30  Probe  
  26  2:35  Probe  
  29  2:42  Probe  
  29  2:43  Probe  
  31  2:53  Probe  
  31  2:54  Probe  
  33  3:01  Oracle  
  33  3:05  Probe  
  37  3:06  Probe  
  38  3:13  Gateway  
  38  3:17  Probe  
  38  3:18  Probe  
  40  3:29  Probe  
  40  3:30  Probe  
  40  3:31  Phoenix  
  40  3:34  Adept  
  42  3:36  Pylon  
  45  3:41  Probe  
  45  3:42  Probe  
  46  3:51  Pylon  
  46  3:54  Probe x2  
  48  3:58  Gateway  
  48  4:00  Oracle  
  51  4:06  Probe x2  
  53  4:18  Probe  
  53  4:19  Probe  
  53  4:20  Adept x2  
  59  4:25  Nexus  
  59  4:28  Pylon  
  59  4:31  Assimilator  
  59  4:33  Assimilator  
  59  4:35  Probe  
  60  4:40  Pylon  
  58  4:47  Probe  
  58  4:50  Adept  
  58  5:00  Adept x2  
  58  5:01  Probe  
  58  5:05  Probe  
  60  5:10  Robotics Facility x2  
  60  5:13  Probe  
  59  5:17  Zealot  
  59  5:18  Probe  
  62  5:21  Twilight Council  
  62  5:22  Forge  
  62  5:25  Probe  
  62  5:26  Zealot  
  63  5:28  Zealot  
  63  5:30  Probe  
  66  5:37  Probe  
  66  5:42  Probe  
  68  5:47  Zealot  
  68  5:48  Zealot  
  68  5:49  Probe  
  73  5:52  Adept  
  73  5:54  Probe  
  74  6:00  Immortal  
  74  6:01  Probe  
  75  6:06  Probe  
  75  6:09  Immortal  
  80  6:13  Zealot, Probe  
  80  6:18  Probe  
  84  6:19  Charge  
  85  6:25  Probe  
  85  6:28  Protoss Ground Weapons Level 1  
  85  6:31  Templar Archives  
  85  6:37  Pylon x3  
  85  6:39  Pylon  
  85  6:43  Probe  
  85  6:44  Probe x2  
  84  6:53  Immortal  
  80  6:55  Adept x3, Probe  
  80  7:00  Immortal  
  86  7:03  Probe  
  86  7:06  Probe  
  85  7:16  Sentry x2  
  85  7:19  Probe  
  85  7:20  Psionic Storm  
  90  7:23  Shield Battery  
  90  7:24  Zealot  
  90  7:28  Shield Battery  
  92  7:31  Immortal  
  92  7:33  Gateway  
  96  7:41  Gateway  
  96  7:48  Probe x2  
  101  7:51  Immortal  
  101  7:52  Probe  
  101  7:56  Zealot, Gateway  
  104  7:59  Zealot  
  104  8:00  Probe  
  104  8:01  High Templar  
  104  8:03  Probe  
  104  8:05  Gateway  
  110  8:10  Pylon  
  110  8:11  Gateway  
  110  8:17  Assimilator  
  110  8:21  Assimilator  
  110  8:25  Pylon  
  110  8:28  High Templar x2  
  110  8:29  High Templar  
  110  8:32  Pylon  
  110  8:33  Pylon x2  
  116  8:35  Pylon  
  116  8:38  Phoenix  
  116  8:39  Immortal  
  120  8:45  Photon Cannon  
  122  8:51  Photon Cannon  
  122  8:54  Photon Cannon  
  122  8:56  Protoss Ground Weapons Level 2  
  122  9:02  Immortal  
  126  9:10  Phoenix  
  126  9:12  Photon Cannon  
  126  9:14  Photon Cannon  
  128  9:30  High Templar x2  
  132  9:35  Zealot, Warp Prism  
  132  9:36  Zealot x4  
  142  9:40  Archon  
  142  9:47  Observer  
  142  9:50  High Templar  
  142  9:52  Nexus  
  147  9:54  Pylon  
  147  9:55  Pylon  
  147  10:00  High Templar x2  
  147  10:04  Pylon  
  151  10:18  Observer  
  150  10:23  High Templar  
  150  10:24  Observer  
  150  10:26  Zealot x2  
  150  10:27  Zealot x3  
  159  10:32  Probe x2  
  159  10:34  Photon Cannon  
  161  10:39  Observer  
  158  10:55  High Templar x2  
  158  10:56  Probe  
  163  10:58  Photon Cannon  
  163  11:00  Archon, Photon Cannon  
  163  11:02  Photon Cannon  
  163  11:06  Fleet Beacon  
  163  11:12  Stargate, Gateway  
  163  11:13  Gateway  
  163  11:15  Probe  
  163  11:16  Probe  
  163  11:17  Assimilator x2  
  163  11:18  Gateway  
  165  11:24  Archon  
  153  11:32  Zealot x4  
  139  11:33  Zealot x4  
  139  11:34  Immortal  
  139  11:35  Immortal  
  151  11:56  Zealot x5  
  157  12:03  Zealot x3  
  161  12:13  Mothership  
  161  12:14  Immortal  
  150  12:25  High Templar x3  
  150  12:26  High Templar  
  147  12:41  Carrier  
  129  13:05  Zealot x3  
  129  13:06  Zealot x4  
  137  13:14  Archon  
  119  13:22  Observer  
  110  13:31  High Templar x2  
  114  13:35  Zealot x4  
  114  13:40  Zealot  
  122  14:07  Nexus  
  120  14:13  High Templar x2  
  124  14:17  Archon  
  124  14:21  Pylon  
  124  14:24  High Templar  
  126  14:39  High Templar x2  
  126  14:42  Zealot x2  
  113  15:32  Nexus  
  92  16:12  High Templar  
  93  16:40  Nexus  
  91  16:49  Nexus  
  91  17:09  Pylon  
  87  17:36  Pylon  
  79  17:52  High Templar x2  
  79  17:57  Archon  
  83  18:05  Cybernetics Core  
  82  18:25  Zealot x2  
  86  18:28  Oracle  
  86  18:32  Assimilator  
  86  18:33  Assimilator  
  86  18:37  Photon Cannon  
  89  18:46  Photon Cannon  
  89  18:50  Probe  
  89  18:58  Zealot  
  91  19:02  Probe  
  91  19:06  Shield Battery  
  90  19:12  Shield Battery  
  90  19:15  Probe  
  91  19:27  Probe  
  92  19:38  High Templar  
  92  19:39  High Templar  
  96  19:45  Pylon  
  96  19:48  Assimilator  
  96  19:50  Assimilator  
  91  20:30  Zealot  
Show
View Real Time Build Order
Export as new Build Order

MeomaikA Zerg 

Build Orders: Hatch First, Lurkers 

Get SALT Encoding   

  12  0:00  Drone  
  13  0:08  Drone  
  14  0:17  Overlord  
  14  0:24  Drone, Extractor  
  15  0:35  Drone x2  
  17  0:52  Hatchery  
  17  0:55  Drone  
  17  1:09  Spawning Pool  
  16  1:12  Drone  
  16  1:15  Extractor  
  16  1:17  Drone  
  17  1:20  Drone  
  18  1:26  Drone  
  19  1:37  Overlord  
  19  1:49  Drone  
  19  1:54  Evolution Chamber  
  19  1:56  Queen  
  19  1:58  Zergling x2  
  22  2:04  Drone  
  22  2:06  Queen  
  25  2:10  Drone  
  26  2:22  Zerg Melee Weapons Level 1  
  26  2:23  Drone x2  
  26  2:27  Drone  
  29  2:32  Overlord  
  29  2:38  Drone  
  29  2:42  Drone  
  31  2:57  Hatchery  
  29  2:59  Metabolic Boost  
  29  3:02  Drone  
  29  3:05  Drone  
  31  3:07  Drone  
  31  3:11  Spore Crawler  
  31  3:15  Spore Crawler  
  31  3:17  Drone  
  31  3:20  Drone  
  31  3:23  Drone  
  31  3:25  Drone  
  32  3:31  Drone  
  32  3:33  Drone  
  34  3:34  Zergling x2  
  34  3:36  Drone  
  34  3:39  Drone  
  37  3:41  Zergling x2  
  37  3:43  Zergling x2  
  37  3:46  Zergling x2  
  40  3:49  Zergling x2  
  40  3:50  Zergling x2  
  40  3:54  Overlord  
  42  3:58  Zergling x2  
  43  4:08  Overlord  
  43  4:10  Overlord, Lair  
  43  4:14  Drone x2  
  45  4:18  Zergling x2  
  45  4:19  Drone  
  45  4:20  Drone  
  45  4:22  Drone  
  49  4:27  Drone  
  49  4:28  Drone  
  49  4:30  Drone  
  52  4:32  Zergling x2  
  52  4:35  Spore Crawler, Drone, Extractor  
  52  4:44  Drone x2  
  52  4:45  Zergling x2  
  53  4:46  Zergling x6  
  53  4:49  Zergling x4  
  58  4:55  Zergling x2  
  58  4:56  Zergling x4  
  58  4:59  Zergling x2  
  60  5:00  Zergling x2  
  60  5:03  Zergling x2  
  60  5:04  Zergling x4  
  60  5:12  Hydralisk Den  
  60  5:13  Drone  
  57  5:14  Drone  
  57  5:15  Queen  
  57  5:17  Drone  
  61  5:24  Drone  
  61  5:25  Drone  
  63  5:29  Drone  
  63  5:37  Drone x2  
  63  5:38  Overlord x2  
  63  5:41  Grooved Spines  
  65  5:46  Drone x3  
  63  5:54  Zergling x6  
  63  5:57  Zergling x2  
  66  5:59  Hydralisk  
  66  6:03  Zergling x6  
  66  6:05  Drone  
  66  6:07  Hydralisk  
  66  6:08  Zergling x2, Hydralisk  
  66  6:09  Zergling x2  
  71  6:15  Drone  
  71  6:18  Hydralisk  
  71  6:24  Zergling x4  
  74  6:28  Zergling x6  
  74  6:30  Zergling x2  
  74  6:31  Drone  
  74  6:32  Drone, Hatchery  
  79  6:35  Zergling x4  
  79  6:37  Extractor  
  79  6:38  Zergling x2  
  81  6:49  Hydralisk  
  81  6:52  Muscular Augments, Hydralisk  
  81  7:00  Hydralisk  
  81  7:03  Overlord x2, Zergling x2  
  81  7:07  Zergling x2  
  79  7:09  Zergling x6  
  79  7:10  Zergling x2  
  79  7:11  Zergling x2  
  79  7:12  Overlord  
  79  7:13  Overlord, Drone x2  
  80  7:17  Drone  
  80  7:18  Drone  
  80  7:19  Overlord  
  80  7:20  Zerg Missile Weapons Level 1  
  81  7:23  Drone  
  81  7:24  Drone  
  81  7:26  Extractor x2  
  81  7:27  Lurker Den  
  81  7:28  Drone  
  81  7:29  Drone  
  82  7:33  Drone  
  82  7:36  Drone x2  
  85  7:42  Hydralisk  
  85  7:43  Hydralisk  
  85  7:44  Hydralisk  
  87  7:45  Hydralisk x2  
  87  7:47  Drone x2  
  87  7:48  Hydralisk  
  97  7:51  Drone  
  97  7:52  Drone  
  97  7:54  Hydralisk  
  100  8:00  Hydralisk x2  
  100  8:04  Zergling x4  
  100  8:05  Zergling x2  
  107  8:11  Drone x4  
  111  8:13  Overlord  
  111  8:15  Drone  
  111  8:16  Drone x2  
  113  8:21  Hydralisk x2  
  113  8:26  Drone x3  
  120  8:29  Spore Crawler, Drone  
  120  8:30  Drone  
  120  8:32  Drone x2  
  120  8:34  Drone  
  124  8:40  Drone x5  
  126  8:42  Extractor  
  126  8:46  Hydralisk x2  
  129  8:53  Lurker x5  
  129  8:55  Zergling x4  
  136  8:57  Extractor  
  136  8:59  Evolution Chamber, Zergling x4  
  136  9:07  Overlord x4  
  136  9:18  Zerg Missile Weapons Level 2  
  136  9:23  Overlord  
  136  9:27  Hydralisk x2  
  139  9:31  Hydralisk  
  139  9:33  Hydralisk x7  
  139  9:37  Hydralisk  
  157  9:40  Hydralisk  
  157  9:43  Drone  
  157  9:44  Drone x7  
  164  9:46  Extractor  
  164  9:47  Hydralisk  
  164  9:49  Zergling x4  
  164  9:50  Zergling x2  
  164  9:51  Zergling x2  
  164  9:52  Zergling x2  
  170  9:53  Zergling x2  
  170  9:54  Zergling x2  
  172  10:00  Zerg Ground Armor Level 1  
  172  10:02  Lurker x2  
  172  10:04  Lurker  
  175  10:08  Spine Crawler x2  
  175  10:13  Lurker  
  175  10:14  Lurker  
  175  10:15  Zergling x2  
  175  10:25  Hydralisk  
  175  10:28  Hatchery  
  174  10:30  Overlord x2  
  167  10:36  Hydralisk  
  167  10:37  Hydralisk  
  167  10:38  Hydralisk x2  
  167  10:39  Hydralisk  
  167  10:40  Hydralisk  
  167  10:42  Hydralisk  
  175  10:44  Overlord  
  176  10:51  Zergling x18  
  176  10:52  Zergling x2  
  176  10:55  Zergling x2  
  176  10:56  Zergling x2  
  187  10:58  Zergling x2  
  187  11:00  Lurker x2  
  187  11:01  Lurker x2  
  189  11:05  Zergling x2  
  189  11:07  Zergling x6  
  193  11:13  Infestation Pit  
  193  11:14  Zergling x2  
  193  11:18  Overlord  
  193  11:23  Zergling x2  
  193  11:24  Hydralisk x2  
  158  11:27  Hydralisk x2  
  158  11:28  Hydralisk  
  156  11:34  Hydralisk  
  156  11:38  Hydralisk  
  156  11:39  Queen, Hydralisk x2  
  163  11:42  Hydralisk x3  
  163  11:47  Hydralisk x2  
  163  11:49  Hydralisk x2  
  163  11:50  Hydralisk  
  163  11:51  Hydralisk  
  160  12:01  Zergling x2  
  160  12:02  Zergling x2, Hydralisk x2  
  160  12:05  Hydralisk x2  
  160  12:06  Hydralisk x2  
  171  12:09  Hydralisk  
  171  12:10  Hydralisk x2  
  171  12:12  Hydralisk  
  171  12:15  Hydralisk  
  172  12:21  Hydralisk  
  165  12:22  Zergling x2  
  165  12:24  Zergling x2  
  165  12:29  Zergling x2  
  165  12:34  Zergling x2  
  167  12:37  Zergling x2  
  167  12:39  Zergling x6  
  168  12:48  Zergling x4  
  165  12:56  Hydralisk  
  157  12:59  Zergling x2  
  141  13:08  Hydralisk  
  123  13:13  Zergling x4  
  123  13:14  Zergling x4  
  123  13:17  Zergling x2  
  122  13:24  Hydralisk  
  121  13:27  Hatchery  
  121  13:30  Zergling x2  
  121  13:34  Hydralisk, Extractor  
  121  13:35  Extractor x2  
  121  13:38  Extractor  
  121  13:40  Zergling x2  
  119  13:45  Hydralisk  
  119  13:50  Hydralisk  
  116  13:57  Drone  
  116  13:58  Hydralisk x2  
  116  13:59  Hydralisk  
  116  14:00  Hydralisk  
  120  14:04  Spawning Pool  
  119  14:10  Hydralisk x2  
  123  14:20  Hydralisk x2  
  127  14:25  Hydralisk  
  128  14:35  Hydralisk x2  
  120  15:03  Zergling x6  
  120  15:11  Hatchery  
  112  15:39  Hatchery  
  97  16:05  Hatchery  
  82  17:20  Lair  
  82  17:47  Drone x2  
  84  17:53  Drone  
  84  18:20  Overseer x3  
  84  18:26  Overseer  
  84  18:31  Drone  
  85  18:38  Drone  
  86  18:51  Hydralisk  
  76  19:51  Overseer  
  73  19:55  Drone x3  
  73  19:58  Drone x3  
Tags
 
Add a new tag
Caveats
  • Supply blocks, unpowered buildings, or Contaminate may cause inaccurate times.
  • Supply counts are checked every 10 seconds.